 Dungeon Crawl Stone Soup version 0.26-a0-672-g1df16c3386 (webtiles) character file.

Game seed: 1306824831693799529

462 marklar909 the Skirmisher (level 7, -8/55 HPs)
             Began as a Formicid Abyssal Knight on Oct 19, 2020.
             Was a Believer of Lugonu.
             Mangled by a centaur
             ... wielding a +0 trident
              (9 damage)
             ... on level 6 of the Dungeon.
             The game lasted 00:11:59 (7826 turns).

marklar909 the Skirmisher (Formicid Abyssal Knight) Turns: 7826, Time: 00:11:59

Health: -8/55      AC:  6    Str: 17    XL:     7   Next: 28%
Magic:  7/8        EV: 11    Int: 12    God:    Lugonu [**....]
Gold:   301        SH:  0    Dex: 11    Spells: 6/6 levels left

rFire    . . .     SeeInvis +   a - +1 falchion
rCold    . . .     Faith    .   (no shield)
rNeg     . . .     Spirit   .   q - +0 ring mail
rPois    .         Reflect  .   (helmet unavailable)
rElec    .         Harm     .   e - scarf {+Inv}
rCorr    .         Rampage  .   (no gloves)
MR       .....                  f - +0 pair of boots
Stlth    ++........             (no amulet)
HPRegen  0.18/turn              c - ring of flight
MPRegen  0.11/turn              (no ring)

@: very slightly contaminated, invisible
A: permanent stasis, dig shafts and tunnels, four strong arms, antennae 3
a: Dig, Shaft Self, Depart the Abyss, Bend Space, Renounce Religion, Evoke
Flight


You were on level 6 of the Dungeon.
You worshipped Lugonu.
Lugonu was pleased with you.
You visited 1 branch of the dungeon, and saw 6 of its levels.
You visited the Abyss 1 time.

You collected 301 gold pieces.

Inventory:

Hand Weapons
 a - a +1 falchion (weapon)
Armour
 e - a scarf of invisibility (worn)
 f - a +0 pair of boots (worn)
 p - a +3 chain mail
 q - a +0 ring mail (worn)
Jewellery
 c - a ring of flight (left hand)
Wands
 m - a wand of digging (9)
Scrolls
 b - a scroll of teleportation {unknown}
 i - a scroll of identify
 k - a scroll of fog
 l - a scroll of fear {unknown}
Potions
 d - 2 potions of lignification
 g - a potion of stabbing
 h - 4 potions of curing
 j - 2 potions of magic
 n - a potion of heal wounds {unknown}
 o - a potion of cancellation {unknown}


   Skills:
 + Level 4.6 Fighting
 + Level 4.2 Long Blades
 + Level 3.5 Armour
 + Level 1.7 Dodging
 + Level 3.2 Stealth
 + Level 2.3 Invocations
 + Level 2.9 Evocations


You had 6 spell levels left.
You didn't know any spells.
Your spell library was empty.

Dungeon Overview and Level Annotations

Branches:
Dungeon (6/15)             Temple (0/1) D:4

Altars:
Kikubaaqudgha
Nemelex Xobeh


Innate Abilities, Weirdness & Mutations

You cannot be hasted, slowed, berserked, paralysed or teleported.
You can dig through walls and to a lower floor.
Your four strong arms can wield two-handed weapons with a shield.
You have a pair of large antennae on your head. (SInv)


Message History

You are too injured to fight recklessly!
You are too injured to fight recklessly!
You are too injured to fight recklessly!
You are too injured to fight recklessly!
You are too injured to fight recklessly!
You are too injured to fight recklessly!
You are too injured to fight recklessly!
The centaur hits you with a +0 trident! The centaur closely misses you.
You barely miss the centaur. The centaur hits you with a +0 trident.
* * * LOW HITPOINT WARNING * * *
You hit the centaur.
The centaur is lightly wounded.
The centaur hits you with a +0 trident.
* * * LOW HITPOINT WARNING * * *
The centaur hits you with a +0 trident!
* * * LOW HITPOINT WARNING * * *
You hit the centaur.
The centaur is moderately wounded.
The centaur hits you with a +0 trident!
You die...

#.####....#
#.####(...#
#..$$?...##
######(..# #(..#
#)>.#
.####...######
.......(.....##.
........@.......
#........c....##.
..##.......#### #
#.#...#.#
#.#...#.# #
#...#.# #...#.#
......#


You could see a centaur.

Vanquished Creatures
  A centaur (D:6)
  2 orc priests
  A centaur skeleton (D:5)
  2 bullfrog skeletons (D:4)
  An iguana (D:5)
  A worker ant (D:4)
  Robin (D:2)
  7 adders
  A gnoll (D:1)
  An ooze (D:2)
  4 worms
  A dart slug (D:1)
  4 leopard geckos
  6 orcs
  3 bats
  4 giant cockroaches
  15 goblins
  11 hobgoblins
  7 jackals
  2 quokkas
  2 ball pythons
  2 frilled lizards
  A jackal zombie (D:5)
  5 kobolds
  2 rats
87 creatures vanquished.

Vanquished Creatures (others)
  An ufetubus (D:6)
  An orc (D:6)
2 creatures vanquished.

Grand Total: 89 creatures vanquished

Notes
Turn   | Place    | Note
-------+----------+-------------------------------------------
     0 | Abyss:1  | marklar909 the Formicid Abyssal Knight began the quest for
                  | the Orb.
     0 | Abyss:1  | Reached XP level 1. HP: 18/18 MP: 2/2
    38 | Abyss:1  | Noticed a large abomination
    43 | D:1      | Escaped the Abyss
   275 | D:1      | Reached XP level 2. HP: 19/25 MP: 3/3
   625 | D:2      | Reached * piety under Lugonu
   792 | D:1      | Reached XP level 3. HP: 19/30 MP: 1/4
  1314 | D:2      | Noticed Robin
  1530 | D:2      | Reached skill level 1 in Dodging
  1879 | D:2      | Reached XP level 4. HP: 23/37 MP: 3/5
  2187 | D:2      | Reached skill level 1 in Stealth
  2648 | D:1      | Reached skill level 1 in Evocations
  3056 | D:2      | Killed Robin
  3296 | D:2      | Reached XP level 5. HP: 39/42 MP: 3/6
  4716 | D:3      | Found an ancient bone altar of Kikubaaqudgha.
  4722 | D:3      | Reached ** piety under Lugonu
  4834 | D:3      | You fall into a shaft and drop 2 floors!
  4834 | D:5      | Entered Level 5 of the Dungeon
  4838 | D:5      | Reached XP level 6. HP: 48/48 MP: 4/7
  6667 | D:4      | Found a staircase to the Ecumenical Temple.
  6916 | D:4      | Reached XP level 7. HP: 40/55 MP: 5/8
  7337 | D:4      | Found a sparkling altar of Nemelex Xobeh.
  7825 | D:6      | HP: 1/55 [centaur/+0 trident (10)]
  7826 | D:6      | Mangled by a centaur

Illustrated notes

Levels and vault maps discovered:
D:1:      dpeg_arrival_castle, layout_loops_ring
D:2:      layout_basic, kennysheep_donut, kennysheep_another_room, uniq_robin
D:3:      layout_basic, marbit_many_paths
D:4:      layout_layer_cave, minmay_temple_entry_drinking_statues,
          hangedman_decor_push, nemelex_lonely_heart_becter
D:5:      layout_loops_ring
D:6:      minmay_cornered_nines, layout_loops_cross, minmay_tree_intersection

Skill      XL: |  1  2  3  4  5  6 |
---------------+-------------------+-----
Fighting       | 4 |  4.6
Dodging        | 1 |  1.7
Stealth        | 1 3 |  3.2
Evocations     | 1 2 |  2.9
Long Blades    | 3 4 |  4.2
Armour         | 3 |  3.5
Invocations    | |  2.3

Action                   |  1- 3 |  4- 6 |  7- 9 || total
-------------------------+-------+-------+-------++-------
Melee: Falchion          |    67 |   244 |    14 ||   325
Invok: Depart the Abyss  |     1 |       |       ||     1
 Abil: Evoke Invisibilit |     5 |    26 |     2 ||    33
  Use: Scroll            |       |     7 |     1 ||     8
 Stab: Invisible         |     5 |    21 |     1 ||    27
       Sleeping          |       |     5 |       ||     5
Armor: Leather armour    |    23 |    28 |       ||    51
       Ring mail         |       |    17 |     5 ||    22
       Chain mail        |       |    12 |       ||    12
Dodge: Dodged            |    44 |   179 |    12 ||   235
       Rpst.: Falchion   |    12 |    63 |     2 ||    77

Table legend: (Time is in decaauts)
 A = Elapsed time spent in this place.
 B = Non-inter-level travel time spent in this place.
 C = Inter-level travel time spent in this place.
 D = Time resting spent in this place.
 E = Time spent auto-exploring this place.
 F = Levels seen in this place.
 G = Mean time per level.
                   A        B        C        D        E       F      G
               +--------+--------+--------+--------+--------+-----+--------+
         Total |   7887 |   7439 |    448 |   2359 |   4061 |   7 | 1126.7 |
       Dungeon |   7844 |   7396 |    448 |   2359 |   4023 |   6 | 1307.3 |
         Abyss |     43 |     43 |      0 |      0 |     38 |   1 |   43.0 |
               +--------+--------+--------+--------+--------+-----+--------+

Top non-repeatable levels by time:
     D:1: 2677 daAuts
     D:4: 1619 daAuts
     D:5: 1185 daAuts
     D:2: 1152 daAuts
     D:3: 1110 daAuts
     D:6: 98 daAuts
 Abyss:1: 43 daAuts
